 Dungeon Crawl Stone Soup version 0.31-a0-269-g3aca3be (webtiles) character file.

Game seed: 16629479504860775969

26184 Dawnplanks the Stormcaller (level 13, -1/76 HPs)
             Began as a Tengu Air Elementalist on July 14, 2023.
             Was an Elder of Vehumet.
             Killed from afar by a rime drake (31 damage)
             ... with an icy flash freeze
             ... on level 3 of the Lair of Beasts.
             The game lasted 00:31:27 (14932 turns).

Dawnplanks the Stormcaller (TeAE)                  Turns: 14932, Time: 00:31:28

Health: -1/76      AC:  5    Str:  8    XL:     13   Next: 24%
Magic:  3/39       EV: 25    Int: 30    God:    Vehumet [****..]
Gold:   2297       SH:  0    Dex: 19    Spells: 13/36 levels left

rFire   . . .        p - +8 long sword of Uzxom {venom, *Rage MP+9 Int+3 Dex+4}
rCold   . . .        (no shield)
rNeg    . . .        Q - +1 robe of Vines {NoPotionHeal Regen++++}
rPois   .            (helmet restricted)
rElec   .            c - +1 cloak
rCorr   .            (no gloves)
SInv    .            (boots unavailable)
Will    .....        (no amulet)
Stlth   ++           f - +6 ring of intelligence
HPRegen 3.52/turn    s - +5 ring of evasion
MPRegen 0.26/turn

%: random rage (20%)
@: swift, flying quickly and evasively, very quick
A: beak, talons 3, nimble flight
a: Renounce Religion


You were on level 3 of the Lair of Beasts.
You worshipped Vehumet.
Vehumet was greatly pleased with you.
You visited 3 branches of the dungeon, and saw 15 of its levels.

You collected 2297 gold pieces.

Inventory:

Hand Weapons
 p - the +8 long sword of Uzxom (weapon) {venom, *Rage MP+9 Int+3 Dex+4}
   (You found it on level 3 of the Dungeon)

   Int:       It affects your intelligence (+3).
   Dex:       It affects your dexterity (+4).
   MP:        It affects your magic capacity (+9).
   *Rage:     It berserks you when you make melee attacks (+20% chance).
 T - the +4 sling "Grim Tooth" {flame, Int+8 Dex-3}
   (You found it on level 2 of the Lair of Beasts)

   Int:       It affects your intelligence (+8).
   Dex:       It affects your dexterity (-3).
Missiles
 E - 2 throwing nets
Armour
 c - a +1 cloak (worn)
 q - a +2 robe of resistance
 P - an orb of mayhem
 Q - the +1 robe of Vines (worn) {NoPotionHeal Regen++++}
   (You found it on level 1 of the Lair of Beasts)

   NoPotionHeal: Its wearer cannot be healed by potions.
   Regen:     It increases your rate of health regeneration.
Magical Staves
 J - a staff of conjuration
Jewellery
 f - a +6 ring of intelligence (left hand)
 s - a +5 ring of evasion (right hand)
 H - a +5 ring of evasion
Wands
 k - a wand of paralysis (8)
 v - a wand of digging (10)
 D - a wand of mindburst (6)
 G - a wand of polymorph (6)
 M - a wand of iceblast (6)
 R - a wand of light (2)
Scrolls
 d - 3 scrolls of poison {unknown}
 h - 3 scrolls of blinking {unknown}
 j - 4 scrolls of revelation {unknown}
 l - 2 scrolls of amnesia
 m - 2 scrolls of fear {unknown}
 x - 2 scrolls of teleportation {unknown}
 y - 2 scrolls of enchant weapon {unknown}
 B - 5 scrolls of vulnerability {unknown}
 C - 2 scrolls of noise
 F - a scroll of silence {unknown}
 K - a scroll of torment {unknown}
 O - a scroll of summoning {unknown}
 V - a scroll of fog {unknown}
Potions
 a - 2 potions of resistance
 b - a potion of magic
 e - a potion of mutation
 g - 4 potions of brilliance
 i - 2 potions of lignification
 n - 3 potions of haste
 o - a potion of cancellation
 t - 2 potions of heal wounds
 u - 4 potions of curing
 z - 2 potions of enlightenment
 I - a potion of degeneration {unknown}
 S - a potion of ambrosia
Miscellaneous
 W - a phantom mirror


   Skills:
 + Level 7.3 Fighting
 + Level 2.5 Long Blades
 + Level 8.2 Dodging
 - Level 2.0 Stealth
 + Level 12.1 Spellcasting
 * Level 10.4 Conjurations
 + Level 1.8 Ice Magic
 + Level 15.9 Air Magic


You had 13 spell levels left.
You knew the following spells:

 Your Spells              Type           Power      Damage    Failure   Level
a - Shock                 Conj/Air       100%       1d9       0%          1
b - Static Discharge      Conj/Air       100%       2-7/arc   0%          2
c - Swiftness             Air            85%        N/A       0%          3
d - Airstrike             Air            42%        2d(7-23)  1%          4
e - Mephitic Cloud        Conj/Pois/Air  63%        N/A       1%          3
f - Freezing Cloud        Conj/Ice/Air   32%        6-21      1%          5
g - Iskenderun's Battles  Conj           69%        2d12      1%          5

Your spell library contained the following spells:

 Spells                   Type           Power      Damage    Failure   Level
 Cigotuvi's Dreadful Rot  Necr/Pois/Air  100%       N/A       1%          2
 Poisonous Vapours        Pois/Air       100%       N/A       1%          2
 Dazzling Flash           Conj/Hex       98%        N/A       1%          3
 Necrotise                Necr           72%        1d7       2%          1
 Summon Small Mammal      Summ           72%        N/A       2%          1
 Volatile Blastmotes      Fire/Tloc      36%        2d13      2%          3
 Maxwell's Capacitive Co  Air            42%        ∞         7%          8
 Call Canine Familiar     Summ           18%        N/A       9%          3
 Summon Guardian Golem    Hex/Summ       18%        N/A       9%          3
 Starburst                Conj/Fire      24%        6d8       13%         6
 Summon Ice Beast         Ice/Summ       23%        N/A       19%         4
 Dispel Undead            Necr           18%        3d11      28%         4
 Summon Mana Viper        Hex/Summ       18%        N/A       61%         5
 Death Channel            Necr           9%         N/A       99%         6
 Monstrous Menagerie      Summ           9%         N/A       100%        7


Dungeon Overview and Level Annotations

Branches:
Dungeon (11/15)            Temple (1/1) D:7            Lair (3/5) D:11
  Snake (0/4) Lair:2
  Swamp: Lair:2-3    Shoals: Lair:2-3       Orc: D:9-12

Altars:
Ashenzari
Cheibriados
Dithmenos
Elyvilon
Fedhas
Gozag
Hepliaklqana
Kikubaaqudgha
Makhleb
Nemelex Xobeh
Okawaru
Qazlal
Ru
Sif Muna
Trog
Uskayaw
Vehumet
Wu Jian
Xom
Yredelemnul
Zin
The Shining One

Shops:
D:11 :

Annotations:
D:6 2 transporters, PiratePeteNZ's ghost, amateur HuFi
D:7 1 runed translucent door, Crazy Yiuf
D:8 2 transporters, Dega's ghost, novice SpHu


Innate Abilities, Weirdness & Mutations

You have a beak for a mouth.
You have claws for feet.
Your magical nature lets you fly swiftly and evasively.


Message History

The rime drake is engulfed in freezing vapours.
The wolf is engulfed in freezing vapours.
The steam dragon is engulfed in freezing vapours. x2
You kill the steam dragon!
Vehumet accepts your kill.
The steam dragon scales are intact enough to wear.
The steam dragon is engulfed in freezing vapours.
The wolf is engulfed in freezing vapours.
The rime drake is engulfed in freezing vapours.
The ice encasing you melts away.
The wolf is engulfed in freezing vapours.
A wolf comes into view. x2
The wolf is engulfed in freezing vapours.
You kill the wolf!
Vehumet accepts your kill.
You feel your power returning.
The wolf is engulfed in freezing vapours.
The steam dragon is engulfed in freezing vapours.
The rime drake is engulfed in freezing vapours.
The wolf is engulfed in freezing vapours.
The steam dragon breathes steam at you. The ball of steam hits you!
A steam dragon comes into view.
The wolf is engulfed in freezing vapours.
The wolf howls!
You hear an angry hiss. x2
Unknown command.
Casting: Freezing Cloud (dangerous; 1% risk of failure)
Confirm with . or Enter, or press ? or * to list all spells.
You feel quick.
The steam dragon hisses angrily.
You are engulfed in a cloud of scalding steam.
* * * LOW HITPOINT WARNING * * *
The wolf is engulfed in freezing vapours.
The wolf misses you. The wolf barely misses you.
The wolf attacks as you move away! The wolf completely misses you.
The rime drake breathes ice at you. The icy flash freeze misses you.
The rime drake breathes ice at you. The icy flash freeze hits you!!
You die...

#.. .. P...#...§§§§.§........
...####...........§§§☼D††......
#.#...............§§§§D..[..P
#..^.............§§.§D§[...#
#.................§..§.....#
#...............hhh..k...#
'..............†.§§k§....##
.......................##.#
...............[@.....#####
...........†.......#.##
...............#....##
..##...†.....†.†#####
.####........#### ##
#........## ####....###
##...#.# #....##


You could see 2 rime drakes, 3 steam dragons and 3 wolves.

Vanquished Creatures
  3 hydras
  A catoblepas (Lair:3)
  2 two-headed ogres
  A tengu warrior (D:11)
  Urug (D:10)
  Nergalle (D:10)
  A lindwurm (Lair:2)
  Pikel (D:4)
  A salamander (Lair:2)
  An oklob plant (Lair:1)
  3 elephants (Lair:2)
  Maurice (D:8)
  A black mamba (Lair:2)
  6 cane toads
  Maggie (D:7)
  2 unseen horrors (D:11)
  2 komodo dragons (Lair:1)
  2 kobold demonologists (D:10)
  2 rime drakes (Lair:3)
  A hornet (D:9)
  Prince Ribbit (D:5)
  A troll (D:11)
  4 dream sheep (Lair:3)
  Grinder (D:4)
  6 blink frogs (Lair:3)
  Sigmund (D:5)
  2 wyverns
  24 yaks
  2 fire bats (Lair:2)
  Eustachio (D:4)
  3 basilisks
  5 steam dragons
  A fire elemental (Lair:2)
  Grum (D:8)
  8 water moccasins
  A sky beast (D:8)
  2 orc warriors
  4 ice beasts
  3 black bears
  5 wolves
  A centaur (D:8)
  A phantom (D:6)
  3 kobold brigands
  Blork the orc (D:5)
  7 bullfrogs
  A gnoll sergeant (D:8)
  2 scorpions
  6 wights
  8 killer bees (D:9)
  8 howler monkeys
  4 lava snakes (Lair:2)
  2 jellies
  2 orc priests
  2 gnoll boudas
  4 hounds
  3 iguanas
  6 orc wizards
  10 gnolls
  9 adders
  A white imp (D:6)
  An ufetubus (D:6)
  3 worms (D:2)
  4 dart slugs
  25 orcs
  3 endoplasms
  2 giant cockroaches (D:4)
  3 goblins
  A hobgoblin (D:1)
  6 jackals (D:2)
  4 quokkas
  5 ball pythons
  4 bats
  2 frilled lizards
  11 kobolds
  3 rats
268 creatures vanquished.

Vanquished Creatures (collateral kills)
  A yak (Lair:1)
  A bullfrog (Lair:1)
2 creatures vanquished.

Grand Total: 270 creatures vanquished

Notes
Turn   | Place    | Note
-------+----------+-------------------------------------------
     0 | D:1      | Dawnplanks the Tengu Air Elementalist began the quest for
                  | the Orb.
     0 | D:1      | Reached XP level 1. HP: 10/10 MP: 4/4
   145 | D:1      | Found a faded altar of an unknown god.
   514 | D:1      | Reached XP level 2. HP: 15/15 MP: 1/6
   905 | D:2      | Reached XP level 3. HP: 19/19 MP: 3/7
  1007 | D:2      | Reached skill level 5 in Air Magic
  1010 | D:2      | Learned a level 2 spell: Static Discharge
  1014 | D:2      | Learned a level 3 spell: Swiftness
  1867 | D:2      | Reached XP level 4. HP: 24/24 MP: 5/8
  2437 | D:3      | Found a radiant altar of Vehumet.
  2437 | D:3      | Found an ancient bone altar of Kikubaaqudgha.
  2438 | D:3      | Found a shimmering blue altar of Sif Muna.
  2444 | D:3      | Got Kikubaaqudgha's Vellum of Nightshade
  2454 | D:3      | Became a worshipper of Vehumet
  2579 | D:3      | Identified the +8 long sword of Uzxom {venom, *Rage MP+9
                  | Int+3 Dex+4}
  2749 | D:4      | Noticed a scorpion
  2755 | D:4      | Killed a scorpion
  2756 | D:4      | Gained mutation: Your magical nature lets you fly swiftly
                  | and evasively. [Tengu growth]
  2756 | D:4      | Reached XP level 5. HP: 25/28 MP: 10/10
  2862 | D:4      | Noticed a lemure
  2865 | D:4      | Noticed Pikel
  2866 | D:4      | Noticed a lemure
  2869 | D:4      | Noticed a lemure
  2869 | D:4      | Noticed a lemure
  2870 | D:4      | Killed Pikel
  2871 | D:4      | Reached skill level 1 in Fighting
  2871 | D:4      | Reached skill level 5 in Conjurations
  2871 | D:4      | Reached skill level 6 in Air Magic
  2871 | D:4      | Reached XP level 6. HP: 31/34 MP: 13/13
  2871 | D:4      | Reached XP level 7. HP: 34/38 MP: 14/14
  3021 | D:4      | Noticed Grinder
  3028 | D:4      | Learned a level 4 spell: Airstrike
  3033 | D:4      | Killed Grinder
  3034 | D:4      | Reached skill level 7 in Air Magic
  3199 | D:4      | Noticed Eustachio
  3201 | D:4      | Killed Eustachio
  3202 | D:4      | Reached skill level 5 in Spellcasting
  3202 | D:4      | Reached XP level 8. HP: 43/43 MP: 16/16
  3451 | D:5      | Entered Level 5 of the Dungeon
  3472 | D:5      | Noticed Blork the orc
  3475 | D:5      | Killed Blork the orc
  3714 | D:5      | Found a blossoming altar of Fedhas.
  3952 | D:5      | Reached skill level 8 in Air Magic
  4145 | D:5      | Found an opulent altar of Gozag.
  4165 | D:5      | Found a stormy altar of Qazlal.
  4186 | D:5      | Noticed Sigmund
  4187 | D:5      | Noticed Prince Ribbit
  4196 | D:5      | Killed Sigmund
  4298 | D:5      | Killed Prince Ribbit
  4299 | D:5      | Reached skill level 9 in Air Magic
  4299 | D:5      | Reached XP level 9. HP: 49/49 MP: 12/19
  4449 | D:5      | Reached * piety under Vehumet
  4449 | D:5      | Offered knowledge of Magic Dart by Vehumet.
  4635 | D:6      | Identified the +1 battleaxe "Kohuet" {venom, rF- Will+
                  | Dex+2 Stlth+}
  5236 | D:6      | Found a transporter.
  5239 | D:6      | Noticed PiratePeteNZ's ghost (amateur HuFi)
  5255 | D:6      | Found a transporter.
  5674 | D:7      | Noticed Maggie
  5688 | D:7      | Killed Maggie
  5767 | D:7      | Reached skill level 10 in Air Magic
  5994 | D:7      | Found a glowing golden altar of the Shining One.
  6062 | D:7      | Reached skill level 5 in Dodging
  6105 | D:7      | Found a staircase to the Ecumenical Temple.
  6118 | D:7      | Reached skill level 1 in Long Blades
  6125 | Temple   | Entered the Ecumenical Temple
  6711 | D:7      | Reached XP level 10. HP: 57/57 MP: 22/22
  6837 | D:7      | Found a runed translucent door.
  6838 | D:7      | Noticed Crazy Yiuf
  6857 | D:8      | Noticed a two-headed ogre
  6903 | D:8      | Reached ** piety under Vehumet
  6908 | D:8      | Offered knowledge of Searing Ray by Vehumet.
  7045 | D:8      | Killed a two-headed ogre
  7050 | D:8      | Reached skill level 11 in Air Magic
  7199 | D:8      | Noticed Maurice
  7202 | D:8      | Killed Maurice
  7203 | D:8      | Reached skill level 5 in Fighting
  7528 | D:8      | Found a transporter.
  7551 | D:8      | Found a transporter.
  7551 | D:8      | Noticed Dega's ghost (novice SpHu)
  7679 | D:8      | Noticed Grum
  7681 | D:8      | Killed Grum
  8029 | D:9      | Offered knowledge of Inner Flame by Vehumet.
  8186 | D:9      | Reached XP level 11. HP: 64/64 MP: 24/24
  8205 | D:9      | Reached skill level 12 in Air Magic
  8355 | D:9      | Found a burning altar of Makhleb.
  8543 | D:9      | Found a sparkling altar of Nemelex Xobeh.
  8875 | D:10     | Entered Level 10 of the Dungeon
  8877 | D:10     | Noticed Urug
  9121 | D:10     | Killed Urug
  9386 | D:10     | Reached *** piety under Vehumet
  9740 | D:10     | Found a shadowy altar of Dithmenos.
  9797 | D:10     | Noticed Nergalle
  9805 | D:10     | Noticed a spectral orc warlord
  9806 | D:10     | Killed Nergalle
 10190 | D:11     | Found a staircase to the Lair.
 10191 | D:11     | Noticed a two-headed ogre
 10194 | D:11     | Killed a two-headed ogre
 10294 | D:11     | Reached skill level 13 in Air Magic
 10494 | D:11     | Identified the +9 chain mail of Zin, Holding {Str+2}
 10516 | D:11     | Learned a level 3 spell: Mephitic Cloud
 10522 | D:11     | Learned a level 5 spell: Freezing Cloud
 10604 | D:11     | Found Zoadar's Vocational Training.
 10622 | D:11     | Reached skill level 10 in Spellcasting
 10884 | D:11     | Noticed a tengu warrior
 10917 | D:11     | Killed a tengu warrior
 11461 | Lair:1   | Entered Level 1 of the Lair of Beasts
 11471 | Lair:1   | Reached XP level 12. HP: 72/72 MP: 12/27
 11663 | Lair:1   | Identified a scroll of acquirement
 11664 | Lair:1   | Acquired 1310 gold pieces
 11855 | Lair:1   | Found the +1 robe of Vines {NoPotionHeal Regen++++}
 12001 | Lair:1   | Offered knowledge of Olgreb's Toxic Radiance by Vehumet.
 12032 | Lair:1   | Noticed a seven-headed hydra
 12035 | Lair:1   | Killed a seven-headed hydra
 12263 | Lair:1   | Noticed a seven-headed hydra
 12267 | Lair:1   | Killed a seven-headed hydra
 12268 | Lair:1   | Reached skill level 14 in Air Magic
 13184 | Lair:2   | Found a staircase to the Snake Pit.
 13190 | Lair:2   | Reached **** piety under Vehumet
 13316 | Lair:2   | Identified the +4 sling "Grim Tooth" {flame, Int+8 Dex-3}
 13344 | Lair:2   | Reached skill level 1 in Ice Magic
 13402 | Lair:2   | Found a radiant altar of Vehumet.
 13916 | Lair:2   | Reached skill level 15 in Air Magic
 14301 | Lair:3   | Noticed a catoblepas
 14308 | Lair:3   | Killed a catoblepas
 14401 | Lair:3   | Noticed a seven-headed hydra
 14412 | Lair:3   | Killed a seven-headed hydra
 14491 | Lair:3   | Reached XP level 13. HP: 59/76 MP: 21/29
 14492 | Lair:3   | Offered knowledge of Iskenderun's Battlesphere by Vehumet.
 14499 | Lair:3   | Learned a level 5 spell: Iskenderun's Battlesphere
 14631 | Lair:3   | Reached skill level 10 in Conjurations
 14932 | Lair:3   | Killed from afar by a rime drake

Illustrated notes

Levels and vault maps discovered:
D:1:      lightli_arrival_isolated_outpost, layout_basic,
          hellmonk_ecumenical_altar_leap_of_faith, grunt_decor_one_mirror
D:2:      minmay_angry_zag, layout_loops_corners, minmay_misc_feat_cross
D:3:      layout_rooms, grunt_temple_overflow_magic_moments, solitary_fountain
D:4:      layout_rooms, dreamdust_wishing_well, minmay_fountain_box, uniq_pikel,
          uniq_grinder, uniq_eustachio
D:5:      kennysheep_spiral_hall, layout_loops_ring,
          mainiacjoe_overflow_boulevard, mainiacjoe_overflow_six_doors_small,
          mainiacjoe_overflow_24_doors, uniq_prince_ribbit1, uniq_blork_the_orc,
          uniq_sigmund
D:6:      layout_loops_ring, gammafunk_ghost_stat_death
D:7:      layout_loops_ring, kennysheep_mini, minmay_temple_entry_glassed_door,
          uniq_crazy_yiuf_cottage, uniq_maggie
D:8:      layout_cave_pools, gammafunk_ghost_hive, minmay_strange_pillars,
          uniq_maurice, uniq_grum
D:9:      layout_roguey, nemelex_spade_bored_becter,
          mainiacjoe_overflow_cross_hatched
D:10:     layout_loops_ring, amcnicky_altar_gilded, uniq_nergalle, uniq_urug
D:11:     layout_basic, lair_entry_dummy, nicolae_shop_vocational
Temple:   nicolae_temple_x_marks_the_god
Lair:1:   layout_cave_shapes, nicolae_lair_grove_arrangements, minivault_27,
          hellmonk_guarded_unrand_vines, infiniplex_staircase_pool
Lair:2:   layout_concentric_octagons, nicolae_snake_entry_warm_welcome,
          basic_altar, nicolae_lair_lindhole
Lair:3:   layout_hall_layers, elwin_shoals_entry_rooms, bobbens_dragon_lair_wall

Skill      XL: |  1  2  3  4  5  6  7  8  9 10 11 12 13 |
---------------+----------------------------------------+-----
Air Magic      | 5 6 7 9 10 11 13 15 | 15.9
Conjurations   | 2 3 5 6 7 8 9 10 | 10.4
Spellcasting   | 3 4 5 6 7 8 10 11 12 | 12.1
Fighting       | 1 2 4 5 7 |  7.3
Dodging        | 3 5 6 7 8 |  8.2
Long Blades    | 1 2 |  2.5
Ice Magic      | 1 |  1.8
Stealth        | |  2.0

Action                     |  1- 3 |  4- 6 |  7- 9 | 10-12 | 13-15 || total
---------------------------+-------+-------+-------+-------+-------++-------
  Melee: Unarmed           |    10 |       |       |       |       ||    10
         Dagger            |     9 |       |       |       |       ||     9
         Kick              |     6 |     1 |     7 |    15 |       ||    29
         Peck              |     2 |       |     2 |    10 |       ||    14
         Long sword        |       |     4 |    17 |    48 |       ||    69
   Cast: Shock             |    62 |    31 |   120 |    91 |     3 ||   307
         Static Discharge  |       |     1 |     8 |    19 |       ||    28
         Airstrike         |       |       |    49 |   145 |    14 ||   208
         Freezing Cloud    |       |       |       |    32 |    12 ||    44
         Swiftness         |       |       |       |     2 |     1 ||     3
    Use: Scroll            |       |       |     9 |     4 |       ||    13
 Armour: Robe              |     5 |       |     2 |    16 |       ||    23
  Dodge: Dodged            |     8 |     6 |    32 |   135 |    12 ||   193

Table legend: (Time is in decaauts)
 A = Elapsed time spent in this place.
 B = Non-inter-level travel time spent in this place.
 C = Inter-level travel time spent in this place.
 D = Time resting spent in this place.
 E = Time spent auto-exploring this place.
 F = Levels seen in this place.
 G = Mean time per level.
                   A        B        C        D        E       F      G
               +--------+--------+--------+--------+--------+-----+--------+
         Total |  14390 |  13842 |    548 |    776 |  11657 |  15 |  959.3 |
       Dungeon |  11013 |  10635 |    378 |    581 |   8961 |  11 | 1001.2 |
        Temple |     91 |      2 |     89 |      0 |      0 |   1 |   91.0 |
          Lair |   3285 |   3205 |     80 |    195 |   2696 |   3 | 1095.0 |
               +--------+--------+--------+--------+--------+-----+--------+

Top non-repeatable levels by time:
  Lair:1: 1517 daAuts
     D:2: 1407 daAuts
     D:7: 1253 daAuts
    D:11: 1222 daAuts
  Lair:2: 1091 daAuts
     D:9: 1079 daAuts
     D:5: 1074 daAuts
    D:10: 1072 daAuts
     D:6: 974 daAuts
     D:8: 915 daAuts
     D:1: 760 daAuts
     D:4: 680 daAuts
  Lair:3: 677 daAuts
     D:3: 572 daAuts
  Temple: 91 daAuts
